 Dungeon Crawl Stone Soup version 0.30-a0-134-gb40fab5c76 (webtiles) character file.

Game seed: 17894449946201764097

75 Hubris850 the Trooper (level 4, -5/40 HPs)
             Began as a Hill Orc Fighter on Sept 19, 2022.
             Slain by a worm (8 damage)
             ... on level 2 of the Dungeon.
             The game lasted 00:02:22 (1628 turns).

Hubris850 the Trooper (Hill Orc Fighter)            Turns: 1628, Time: 00:02:23

Health: -5/40      AC:  7    Str: 20    XL:     4   Next: 31%
Magic:  4/4        EV:  9    Int:  8    God:
Gold:   36         SH:  4    Dex: 10    Spells: 3/3 levels left

rFire   . . .      SeeInvis .    a - +0 war axe
rCold   . . .      Faith    .    c - +0 buckler
rNeg    . . .      Spirit   .    b - +0 scale mail
rPois   .          Reflect  .    (no helmet)
rElec   .          Harm     .    (no cloak)
rCorr   .          Rampage  .    (no gloves)
Will    .....                    (no boots)
Stlth   ..........               (no amulet)
HPRegen 0.13/turn                (no ring)
MPRegen 0.09/turn                (no ring)

@: mighty
A: no striking features
a: no special abilities


You were on level 2 of the Dungeon.
You visited 1 branch of the dungeon, and saw 2 of its levels.

You collected 36 gold pieces.

Inventory:

Hand Weapons
 a - a +0 war axe (weapon)
Missiles
 n - 5 boomerangs (quivered)
Armour
 b - a +0 scale mail (worn)
 c - a +0 buckler (worn)
Jewellery
 g - a ring of ice
Scrolls
 e - a scroll of teleportation {unknown}
 f - a scroll of enchant weapon {unknown}
 h - a scroll of vulnerability {unknown}
 i - a scroll of silence {unknown}
 j - a scroll of immolation {unknown}
 m - a scroll of identify {unknown}
Potions
 k - a potion of curing {unknown}
 l - a potion of haste {unknown}
 o - a potion of invisibility {unknown}
 p - 2 potions of degeneration {unknown}


   Skills:
 - Level 4.0 Fighting
 + Level 3.7 Axes
 + Level 0.9 Throwing
 + Level 3.9 Armour
 + Level 3.9 Shields


You had 3 spell levels left.
You didn't know any spells.
Your spell library contained the following spells:

 Spells                   Type           Power      Damage    Failure   Level
 Cigotuvi's Dreadful Rot  Necr/Pois/Air  0%         N/A       94%         2
 Poisonous Vapours        Pois/Air       0%         N/A       94%         2


Dungeon Overview and Level Annotations

Branches:
Dungeon (2/15)

Altars:


Message History

The gnoll hits you but does no damage.
You closely miss the gnoll. The gnoll closely misses you.
The gnoll hits you with a +0 club.
A rat comes into view.
You hit the gnoll.
The gnoll is moderately wounded.
The gnoll hits you with a +0 club.
You barely miss the gnoll.
The gnoll is moderately wounded.
The gnoll hits you with a +0 club.
You hit the gnoll.
The gnoll is almost dead.
You closely miss the quokka. The gnoll hits you with a +0 club!
The quokka bites you but does no damage.
The gnoll misses you.
You hit the gnoll.
You kill the gnoll!
You hit the quokka. You block the quokka's attack. The quokka bites you.
You closely miss the quokka.
The quokka is heavily wounded.
You slash the worm! You block the quokka's attack. The quokka bites you.
The worm bites you.
* * * LOW HITPOINT WARNING * * *
You barely miss the worm.
The worm is heavily wounded.
You hit the quokka.
You kill the quokka!
The worm bites you!
* * * LOW HITPOINT WARNING * * *
Unknown command.
You barely miss the worm.
The worm is heavily wounded.
You closely miss the rat. The rat bites you but does no damage.
Unknown command.
You barely miss the worm.
The worm is heavily wounded.
You slash the rat!
You kill the rat!
The worm bites you!
You die...

##################
..........)).....#
################.#
#@# #....w†.......
#......#######
#......# .>!......
[........
.........
....##....


You could see a worm.

Vanquished Creatures
  An adder (D:2)
  3 gnolls (D:2)
  2 dart slugs (D:2)
  A ball python (D:1)
  3 bats (D:1)
  An endoplasm (D:2)
  2 giant cockroaches
  2 goblins
  3 hobgoblins
  4 jackals (D:1)
  3 quokkas
  4 frilled lizards
  3 kobolds (D:1)
  2 rats
34 creatures vanquished.

Notes
Turn   | Place    | Note
-------+----------+-------------------------------------------
     0 | D:1      | Hubris850 the Hill Orc Fighter began the quest for the Orb.
     0 | D:1      | Reached XP level 1. HP: 19/19 MP: 1/1
    27 | D:1      | Reached XP level 2. HP: 11/27 MP: 2/2
   856 | D:1      | Reached skill level 4 in Fighting
  1323 | D:2      | Reached XP level 3. HP: 33/33 MP: 3/3
  1612 | D:2      | Reached XP level 4. HP: 34/40 MP: 4/4
  1628 | D:2      | Slain by a worm

Illustrated notes

Levels and vault maps discovered:
D:1:      minmay_arrival_four_circles, layout_basic, minivault_14
D:2:      layout_basic, minmay_tripent, uniq_crazy_yiuf_cottage

Skill      XL: |  1  2 |
---------------+-------+-----
Axes           | 3 |  3.7
Fighting       | 4 |  4.0
Throwing       | |  0.9
Armour         | |  3.9
Shields        | |  3.9

Action                   |  1- 3 |  4- 6 || total
-------------------------+-------+-------++-------
Melee: War axe           |    78 |    10 ||    88
Throw: Boomerang         |     5 |       ||     5
  Use: Potion            |     1 |       ||     1
Armor: Scale mail        |    36 |     3 ||    39
Dodge: Dodged            |    38 |     2 ||    40
Block: Buckler           |    20 |     2 ||    22

Table legend: (Time is in decaauts)
 A = Elapsed time spent in this place.
 B = Non-inter-level travel time spent in this place.
 C = Inter-level travel time spent in this place.
 D = Time resting spent in this place.
 E = Time spent auto-exploring this place.
 F = Levels seen in this place.
 G = Mean time per level.
                   A        B        C        D        E       F      G
               +--------+--------+--------+--------+--------+-----+--------+
         Total |   1662 |   1631 |     31 |      0 |   1392 |   2 |  831.0 |
       Dungeon |   1662 |   1631 |     31 |      0 |   1392 |   2 |  831.0 |
               +--------+--------+--------+--------+--------+-----+--------+

Top non-repeatable levels by time:
     D:1: 1307 daAuts
     D:2: 354 daAuts
